 Dungeon Crawl Stone Soup version 0.32-a0-986-ga09f62fbf4 (webtiles) character file.

Game seed: 16881333136758908089

29 protoss039 the Digger (level 3, 26/26 HPs)
             Began as a Demonspawn Earth Elementalist on Apr 21, 2024.
             Got out of the dungeon alive.
             The game lasted 00:01:05 (731 turns).

protoss039 the Digger (DsEE)                         Turns: 731, Time: 00:01:05

Health: 26/26      AC:  2    Str:  8    XL:     3   Next: 1%
Magic:  6/6        EV: 11    Int: 17    God:
Gold:   50         SH:  0    Dex: 13    Spells: 5/6 levels left

rFire   . . .        e - +0 dagger
rCold   . . .        (no shield)
rNeg    . . .        a - +0 robe
rPois   .            (helmet restricted)
rElec   .            (no cloak)
rCorr   .            (no gloves)
SInv    .            (no boots)
Will    .....        (no amulet)
Stlth   ++           (no ring)
HPRegen 0.24/turn    (no ring)
MPRegen 0.10/turn

%: no passive effects
@: no status effects
A: horns 1, spiny 1
a: no special abilities


You escaped.
You visited 1 branch of the dungeon, and saw 2 of its levels.

You collected 50 gold pieces.

Inventory:

Hand Weapons
 e - a +0 dagger (weapon)
Armour
 a - a +0 robe (worn)
Potions
 b - a potion of magic
 c - a potion of invisibility {unknown}


   Skills:
 + Level 1.3 Fighting
 - Level 1.7 Dodging
 - Level 1.7 Stealth
 + Level 2.4 Spellcasting
 - Level 1.2 Conjurations
 + Level 3.0 Earth Magic


You had 5 spell levels left.
You knew the following spells:

 Your Spells              Type           Power      Damage    Failure   Level
a - Sandblast             Erth           24%        2d8       5%          1

Your spell library contained the following spells:

 Spells                   Type           Power      Damage    Failure   Level
 Passwall                 Erth           12%        N/A       16%         3
 Stone Arrow              Conj/Erth      18%        3d8       22%         3
 Brom's Barrelling Bould  Conj/Erth      9%         2d3       58%         4
 Petrify                  Alch/Erth      7%         N/A       69%         4


Dungeon Overview and Level Annotations

Branches:
Dungeon (2/15) Zot: 11253

Altars:


Innate Abilities, Weirdness & Mutations

You have a pair of small horns on your head.
You are partially covered in sharp spines.


Message History

The ball python hisses angrily.
Found 10 gold pieces.
There is a stone staircase leading up here.
Unknown command.
Okay, then.
You closely miss the ball python. Your headbutt misses the ball python.
The ball python bites you but does no damage.
The ball python barely misses you.
You barely miss the ball python. The ball python closely misses you.
The ball python grabs you. The ball python constricts you.
The dart slug launches a dart at you. The slug dart hits you.
Casting: Sandblast (safe; 6% risk of failure)
Confirm with . or Enter, or press ? or * to list all spells.
Aiming: Sandblast (safe; 6% risk of failure)
Press: ? - help, Shift-Dir - straight line, f - ball python
Aim: a ball python (constricting you, 80% to hit)
The blast of sand hits the ball python.
You kill the ball python!
Unknown command.
Casting: Sandblast (safe; 6% risk of failure)
Confirm with . or Enter, or press ? or * to list all spells.
Aiming: Sandblast (safe; 6% risk of failure)
Press: ? - help, Shift-Dir - straight line, f - dart slug
Aim: a dart slug (100% to hit)
The blast of sand hits the dart slug!
You kill the dart slug!
You have reached level 3!
Your experience leads to an increase in your attributes!
Increase (S)trength, (I)ntelligence, or (D)exterity?
You feel clever. x2; Your demonic ancestry asserts itself...
Sharp spines emerge from parts of your body.
Unknown command.
You climb upwards.
There is a stone staircase leading down here.
HP restored.
Magic restored.
There is an open door here.
There is a staircase leading out of the dungeon here.
You have escaped!

...........................###...
.#####...................#.......
.## #......###########'#######..
..####......# ###...### #..
............#### ###.......####..
...............###...........##..
..####.........##.....#'#.....#..
.....÷.........#....###~###......
.####........#.#@.###.~≈~.###....
.............#(#.##..~≈≈≈~..##...
...###.#####.#.###>~~≈≈≈≈≈~~>##..
#...##.# #...################..
#.#....# #.....................
#.###..#####.......#####.........
...........#........#....####....
#.####..##............#### #....
#.# ##..###...........# #....


There were no monsters in sight!

Vanquished Creatures
  A dart slug (D:2)
  4 ball pythons
  4 endoplasms (D:1)
  2 giant cockroaches (D:1)
  A hobgoblin (D:1)
  5 jackals (D:1)
  A frilled lizard (D:1)
  2 goblins (D:1)
  3 kobolds (D:1)
23 creatures vanquished.

Notes
Turn   | Place    | Note
-------+----------+-------------------------------------------
     0 | D:1      | protoss039 the Demonspawn Earth Elementalist began the
                  | quest for the Orb.
     0 | D:1      | Reached XP level 1. HP: 13/13 MP: 3/3
   217 | D:1      | Discovered your monstrous ancestry.
   217 | D:1      | Gained mutation: You have a pair of small horns on your
                  | head. [demonic ancestry]
   217 | D:1      | Reached XP level 2. HP: 12/20 MP: 1/5
   366 | D:1      | Found a faded altar of an unknown god.
   381 | D:1      | Reached skill level 1 in Fighting
   464 | D:1      | Reached skill level 3 in Earth Magic
   696 | D:2      | Gained mutation: You are partially covered in sharp spines.
                  | [demonic ancestry]
   696 | D:2      | Reached XP level 3. HP: 22/26 MP: 3/6
   731 | D:$      | Got out of the dungeon alive.

Illustrated notes

Levels and vault maps discovered:
D:1:      evilmike_arrival_crescent, layout_rooms, basic_ecumenical_altar
D:2:      layout_rooms, kennysheep_generic_room_15

Skill      XL: |  1  2 |
---------------+-------+-----
Fighting       | 1 |  1.3
Earth Magic    | 3 |  3.0
Dodging        | |  1.7
Stealth        | |  1.7
Spellcasting   | |  2.4
Conjurations   | |  1.2

Action                     || total
---------------------------++-------
  Melee: Short sword       ||    12
         Dagger            ||     7
         Headbutt          ||     1
   Cast: Sandblast         ||    23
   Stab: Sleeping          ||     1
 Armour: Robe              ||    20
  Dodge: Dodged            ||    22

Table legend: (Time is in decaauts)
 A = Elapsed time spent in this place.
 B = Non-inter-level travel time spent in this place.
 C = Inter-level travel time spent in this place.
 D = Time resting spent in this place.
 E = Time spent auto-exploring this place.
 F = Levels seen in this place.
 G = Mean time per level.
                   A        B        C        D        E       F      G
               +--------+--------+--------+--------+--------+-----+--------+
         Total |    746 |    646 |    100 |     48 |    462 |   2 |  373.0 |
       Dungeon |    746 |    646 |    100 |     48 |    462 |   2 |  373.0 |
               +--------+--------+--------+--------+--------+-----+--------+

Top non-repeatable levels by time:
     D:1: 739 daAuts
     D:2: 6 daAuts
